 Dungeon Crawl Stone Soup version 0.29.1-1-gd02db6906a (webtiles) character file.

Game seed: 5065448843318736794

1721 Condegh the Grappler (level 8, -2/80 HPs)
             Began as a Troll Fighter on Oct 22, 2022.
             Was a Follower of Wu Jian.
             Engulfed by a cloud of freezing vapour (18 damage)
             ... on level 6 of the Dungeon.
             The game lasted 00:22:45 (4001 turns).

Condegh the Grappler (Troll Fighter)                Turns: 4001, Time: 00:22:45

Health: -2/80      AC:  4    Str: 31    XL:     8   Next: 75%
Magic:  7/7        EV:  8    Int:  6    God:    Wu Jian [*.....]
Gold:   360        SH:  8    Dex:  9    Spells: 7/7 levels left

rFire   + . .      SeeInvis .     - Unarmed
rCold   . . .      Faith    .   b - +0 kite shield
rNeg    . . .      Spirit   .   a - +0 robe
rPois   .          Reflect  .   (helmet restricted)
rElec   .          Harm     .   (no cloak)
rCorr   .          Rampage  .   (gloves unavailable)
Will    .....                   (boots unavailable)
Stlth   +.........              (no amulet)
HPRegen 1.03/turn               j - ring of protection from fire
MPRegen 0.10/turn               o - +6 ring of strength

@: no status effects
A: large, unfitting armour, claws 3, regeneration 1, shaggy fur 1, tough skin 1
a: Renounce Religion


You were on level 6 of the Dungeon.
You worshipped Wu Jian.
Wu Jian was aware of your devotion.
You visited 2 branches of the dungeon, and saw 7 of its levels.

You collected 360 gold pieces.

Inventory:

Armour
 a - a +0 robe (worn)
 b - a +0 kite shield (worn)
Jewellery
 f - a ring of protection from fire
 j - a ring of protection from fire (left claw)
 o - a +6 ring of strength (right claw)
 y - a ring of magical power
Wands
 p - a wand of paralysis (12)
 q - a wand of flame (19)
 x - a wand of polymorph (2)
Scrolls
 d - a scroll of summoning {unknown}
 g - a scroll of enchant weapon {unknown}
 i - a scroll of vulnerability {unknown}
 k - a scroll of poison {unknown}
 l - a scroll of fear
 r - a scroll of magic mapping {unknown}
 t - a scroll of torment {unknown}
 w - 2 scrolls of teleportation {unknown}
 B - a scroll of silence {unknown}
Potions
 c - a potion of berserk rage {unknown}
 e - 2 potions of mutation {unknown}
 h - a potion of cancellation
 m - a potion of magic
 n - 2 potions of brilliance
 s - a potion of curing {unknown}
 u - a potion of heal wounds
 v - a potion of invisibility {unknown}
 z - a potion of flight {unknown}
 A - a potion of resistance {unknown}


   Skills:
 + Level 5.2 Fighting
 - Level 2.4 Dodging
 + Level 5.8 Shields
 * Level 8.2 Unarmed Combat


You had 7 spell levels left.
You didn't know any spells.
Your spell library contained the following spells:

 Spells                   Type           Power      Damage    Failure   Level
 Animate Dead             Necr           0%         N/A       100%        4
 Borgnjor's Vile Clutch   Necr/Erth      0%         N/A       100%        5
 Death Channel            Necr           0%         N/A       100%        6


Dungeon Overview and Level Annotations

Branches:
Dungeon (6/15)             Temple (1/1) D:4

Altars:
Ashenzari
Cheibriados
Dithmenos
Elyvilon
Fedhas
Gozag
Kikubaaqudgha
Makhleb
Nemelex Xobeh
Okawaru
Ru
Sif Muna
Trog
Uskayaw
Wu Jian
Xom
Yredelemnul
Zin
The Shining One


Innate Abilities, Weirdness & Mutations

You are too large for most types of armour.
You have claws for hands.
Your natural rate of healing is unusually fast.
You are covered in fur. (AC +1)
You have tough skin. (AC +1)


Message History

The yak is severely wounded.
You block the yak's attack.
You barely miss the yak.
The yak is severely wounded.
You block the yak's attack.
You closely miss the yak.
The yak is severely wounded.
You block the yak's attack.
You scratch the yak.
The yak is severely wounded.
You block the yak's attack.
You barely miss the yak.
The yak is severely wounded.
You block the yak's attack.
You claw the yak!
You kill the yak!
The Council accepts your kill.
Your Unarmed Combat skill increases to level 8!
You scratch the orc.
The orc is moderately wounded.
The orc barely misses you.
You claw the orc!
You kill the orc!
The Council accepts your kill.
Items here: ))) [ †††.
Okay, then.
Found a stone staircase leading down.
You open the door.
There is an open door here.
Really walk into a travel-excluded area?
You are engulfed in freezing vapours.
You are engulfed in freezing vapours.
There is an open door here.
Found a mace.
You are engulfed in freezing vapours.
You are engulfed in freezing vapours.
Found a scroll labelled FIUSKA BISOBE.
You are engulfed in freezing vapours.
* * * LOW HITPOINT WARNING * * *
You are engulfed in freezing vapours.
You die...

###.### #...## ###..#
##.# ##)# ##..##
##################....#
##################'##.#
#.○○○○○@○○○○○○○○○☼..#(#
#.###################..#
#○○○.○○○○○○○○○○([()!##..
#####################...
.?....)##############...
.....#. ... ####.#. ...
#.#. ..


There were no monsters in sight!

Vanquished Creatures
  Sigmund (D:5)
  Eustachio (D:4)
  5 yaks (D:6)
  A sky beast (D:6)
  A necrophage (D:5)
  An orc priest (D:5)
  3 hounds
  2 jellies
  5 iguanas
  3 orc wizards
  Robin (D:3)
  5 adders
  2 worms
  A dart slug (D:2)
  24 orcs
  5 ball pythons
  2 bats
  5 endoplasms
  5 giant cockroaches
  10 goblins
  13 hobgoblins
  4 jackals (D:1)
  A quokka (D:1)
  3 frilled lizards
  3 kobolds
  2 rats
109 creatures vanquished.

Vanquished Creatures (others)
  10 plants (D:3)
10 creatures vanquished.

Grand Total: 119 creatures vanquished

Notes
Turn   | Place    | Note
-------+----------+-------------------------------------------
     0 | D:1      | Condegh the Troll Fighter began the quest for the Orb.
     0 | D:1      | Reached XP level 1. HP: 22/22 MP: 0/0
   173 | D:1      | Reached XP level 2. HP: 29/29 MP: 1/1
   967 | D:2      | Reached XP level 3. HP: 36/36 MP: 2/2
  1284 | D:2      | Found a faded altar of an unknown god.
  1334 | D:2      | Reached skill level 3 in Unarmed Combat
  1681 | D:3      | Identified the +1 helmet of Budduluj {Fly}
  1681 | D:3      | Noticed Robin
  1700 | D:3      | Reached XP level 4. HP: 37/44 MP: 3/3
  1716 | D:3      | Killed Robin
  2001 | D:4      | Identified the +8 chain mail of the Orb Guardian {Regen+
                  | Str+5 Dex+2}
  2066 | D:4      | Noticed Eustachio
  2088 | D:4      | Killed Eustachio
  2089 | D:4      | Reached skill level 4 in Unarmed Combat
  2089 | D:4      | Reached XP level 5. HP: 44/53 MP: 4/4
  2120 | D:4      | Found a staircase to the Ecumenical Temple.
  2127 | Temple   | Entered the Ecumenical Temple
  2173 | Temple   | Became a worshipper of the Wu Jian Council
  2324 | D:4      | Reached XP level 6. HP: 57/61 MP: 5/5
  2570 | D:4      | Found a broken altar of Ashenzari.
  2870 | D:4      | Reached skill level 5 in Unarmed Combat
  2929 | D:5      | Entered Level 5 of the Dungeon
  3297 | D:5      | Reached * piety under Wu Jian
  3304 | D:5      | Reached XP level 7. HP: 54/68 MP: 6/6
  3335 | D:5      | Found a shimmering altar of Xom.
  3335 | D:5      | Found a bloodstained altar of Trog.
  3434 | D:5      | Noticed Sigmund
  3453 | D:5      | Killed Sigmund
  3454 | D:5      | Reached skill level 6 in Unarmed Combat
  3944 | D:6      | Noticed a yak
  3945 | D:6      | Noticed a yak
  3949 | D:6      | Reached skill level 5 in Shields
  3949 | D:6      | Reached XP level 8. HP: 71/79 MP: 7/7
  3957 | D:6      | Reached skill level 7 in Unarmed Combat
  3968 | D:6      | Reached skill level 5 in Fighting
  3978 | D:6      | Reached skill level 8 in Unarmed Combat
  4001 | D:6      | Engulfed by a cloud of freezing vapour

Illustrated notes

Levels and vault maps discovered:
D:1:      mrwooster_arrival_arrow, layout_loops_corners
D:2:      layout_loops_cross, chequers_ecumenical_altar_simple
D:3:      layout_rooms, serial_bayou_lagoon_a, uniq_robin
D:4:      layout_gridville, nicolae_overflow_hidden_temple,
          minmay_temple_entry_tees, uniq_eustachio
D:5:      layout_basic, nicolae_overflow_squiral, kennysheep_generic_room_4,
          uniq_sigmund
D:6:      lemuel_ice_spiral_2, layout_basic
Temple:   eino_temple_rhombus

Skill      XL: |  1  2  3  4  5  6  7  8 |
---------------+-------------------------+-----
Shields        | 3 4 5 |  5.8
Unarmed Combat | 3 4 5 6 8 |  8.2
Fighting       | 3 4 5 |  5.2
Dodging        | |  2.4

Action                   |  1- 3 |  4- 6 |  7- 9 || total
-------------------------+-------+-------+-------++-------
Melee: Unarmed           |   107 |   137 |    97 ||   341
Invok: Lunge             |       |     8 |    11 ||    19
       Whirlwind         |       |       |     2 ||     2
  Use: Scroll            |     6 |     1 |       ||     7
       Potion            |       |     2 |       ||     2
 Stab: Sleeping          |     1 |     1 |       ||     2
Armor: Robe              |    50 |    29 |    14 ||    93
Dodge: Dodged            |    24 |    44 |    18 ||    86
Block: Kite shield       |    27 |    54 |    26 ||   107
